Unix NetHack Version 5.0.0-0 post-release - last build May 23 2026 06:08:33 (1c0ff79ee797540d5714e4e18072db0edd9e58ae,branch:main).

Game began 2026-05-25 19:12:28, ended 2026-05-29 17:07:09.

Japes, lawful female human Valkyrie

                          -----            -------
                          |..e------     --|r.Y..|
                          |........|     |W+.fd..|
                          |........|     |-|.q..s|--
                          -------.----   |.+...Y:-.|
                           |.........--  |-|.ifd@|.|
                           |..........|  |.+.:.D.|.|
                           |..........|  --|S..%.|.|
                          -----.--------   ------|.|
                          |............|         |.|
                          |............|         |.|
                          --------.----|         |Y|
                           |0.........0|         |.|
                           |...........|         |.|
                          -------.------         |.|
                          |.......----------------.|
                          |>[.....^................|
                          --------------------------
Japes the Woman-at-arms     St:16 Dx:14 Co:18 In:8 Wi:8 Ch:9  Lawful
Dlvl:2  $:66 HP:0(87) Pw:18(18) AC:-3 Xp:10/5306 T:6825  Blind

Latest messages:
 The imp hits!
 The gold dragon bites!
 The gold dragon hits!
 The gold dragon hits again!
 #
 Are you sure you want to pray? [yn] (n)
 You begin praying to Tyr.
 The gold dragon starts to attack you, but pulls back.
 The wolf starts to attack you, but pulls back.
 The owlbear starts to attack you, but pulls back.
 The gold dragon starts to attack you, but pulls back.
 The wolf starts to attack you, but pulls back.
 The owlbear starts to attack you, but pulls back.
 You finish your prayer.
 You feel that Tyr is well-pleased.
 You feel much better.
 You hit the black unicorn.
 The gold dragon bites!
 The gold dragon hits!
 The gold dragon hits again!
 The wolf misses!
 The owlbear misses!
 The owlbear misses!
 The black unicorn just misses!
 The black unicorn misses!
 The black unicorn butts!
 The black unicorn misses!
 You kill the black unicorn!
 The wolf bites!
 The owlbear misses!
 The owlbear hits!
 You hit the lizard.
 A floating eye suddenly appears!
 You hit the lizard.
 The gold dragon bites!
 The gold dragon hits!
 The gold dragon hits again!
 The wolf bites!
 The owlbear hits!
 The owlbear hits again!
 What do you want to write with? [- afjlmptwI or ?*]
 You write in the dust with your fingertip.
 The gold dragon bites!
 The gold dragon hits!
 The gold dragon just misses!
 The wolf misses!
 The owlbear hits!
 The owlbear hits again!
 You die...
 Do you want your possessions identified? [ynq] (y)

Inventory:
 Coins    ('$')
  $ - 66 gold pieces
 Weapons  (')')
  l - a +0 orcish dagger
  a - a +1 spear (weapon in right hand)
 Armor    ('[')
  n - an uncursed +0 pair of leather gloves (being worn)
  A - an uncursed +0 pair of jumping boots
  c - an uncursed +3 small shield (being worn)
  q - a blessed +0 cloak of protection (being worn)
  U - a cursed +0 elven mithril-coat (being worn)
 Rings    ('=')
  j - an uncursed ring of invisibility (on left hand)
  m - an uncursed ring of slow digestion (on right hand)
 Wands    ('/')
  p - a blessed wand of digging (0:6)
  w - a wand of locking (0:7)
  f - a wand of polymorph (0:5)
  t - a wand of speed monster (0:8)
  I - a wand of stasis (0:3)
 Tools    ('(')
  b - an uncursed bag of holding containing 68 items
  e - an uncursed blindfold (being worn)
  D - an uncursed lock pick

Contents of the bag of holding:
  476 gold pieces
  6 +0 daggers
  an uncursed +0 mummy wrapping
  an uncursed venti hot decaf vanilla latte
  an uncursed banana
  an uncursed cream pie
  5 uncursed food rations
  3 uncursed fortune cookies
  an uncursed pancake
  an uncursed tripe ration
  an uncursed tin of lichen
  2 uncursed eggs
  an uncursed lizard corpse
  a cursed scroll of magic mapping
  a cursed scroll of taming
  a cursed scroll of light
  a cursed scroll of enchant armor
  an uncursed scroll of blank paper
  a cursed scroll of blank paper
  an uncursed scroll of earth
  a cursed scroll of earth
  an uncursed scroll of remove curse
  2 cursed scrolls of remove curse
  an uncursed scroll of confuse monster
  2 uncursed scrolls of create monster
  an uncursed scroll of identify
  an uncursed scroll of enchant weapon
  a cursed scroll of enchant weapon
  2 uncursed scrolls of gold detection
  a cursed potion of enlightenment
  2 uncursed potions of water
  a potion of unholy water
  a cursed potion of monster detection
  an uncursed potion of levitation
  an uncursed potion of extra healing
  a cursed potion of extra healing
  an uncursed potion of invisibility
  an uncursed potion of speed
  2 cursed potions of speed
  an uncursed potion of full healing
  2 uncursed potions of object detection
  an uncursed potion of confusion
  2 uncursed potions of healing
  3 cursed potions of healing
  an uncursed potion of paralysis
  a cursed -1 ring of gain strength
  a cursed ring of cold resistance
  a cursed ring of conflict
  an uncursed ring of warning
  a cursed ring of warning
  an uncursed ring of protection from shape changers
  an uncursed ring of stealth
  a cursed wand of light (0:7)
  a wand of speed monster (0:7)
  a wand of teleportation (0:3)
  a wand of teleportation (0:1)
  an empty uncursed sack
  a cursed skeleton key
  a cursed magic lamp
  an uncursed mirror
  an uncursed credit card
  a cursed magic marker (0:20)
  a +0 pick-axe
  an uncursed worthless piece of blue glass
  an uncursed worthless piece of orange glass
  an uncursed jacinth stone
  an uncursed worthless piece of white glass
  an uncursed worthless piece of yellow glass

Japes the Valkyrie's attributes:

Background:
 You were a Woman-at-arms, a level 10 human Valkyrie.
 You were lawful, on a mission for Tyr
 who was opposed by Odin (neutral) and Loki (chaotic).
 You were right-handed.
 You were in Sokoban, on level 2.
 You entered the dungeon 6825 turns ago.
 You had 5306 experience points, 4694 more were needed to attain level 11.

Basics:
 You had 0 out of 87 hit points.
 You had all 18 energy points (spell power).
 Your armor class was -3.
 Your wallet contained 66 zorkmids, and
 you had 476 more stashed away in your pack.
 Autopickup was on for '$' plus thrown.

Final Characteristics:
 Your strength was 16 (peak:18, limit:18/100).
 Your dexterity was 14 (limit:18).
 Your constitution was 18 (limit:18).
 Your intelligence was 8 (limit:18).
 Your wisdom was 8 (limit:18).
 Your charisma was 9 (limit:18).

Final Status:
 You were deliberately blind.
 You weren't hungry.
 You were unencumbered.
 You were wielding a spear.
 You had expert skill with spear.

Final Attributes:
 You were piously aligned.
 You were cold resistant.
 You were telepathic.
 You were invisible.
 You were stealthy.
 You had slower digestion.
 You were protected.
 You were fast.
 You are dead.

Miscellaneous:
 You encountered 1 bones level.
 Total elapsed playing time was 2 hours, 51 minutes and 53 seconds.

Major events:
 Turn
    1: Japes the lawful human Valkyrie entered the dungeon
 1256: entered the Gnomish Mines
 1366: attained the rank of Skirmisher (level 3)
 2382: entered Sokoban
 2583: attained the rank of Fighter (level 6)
 2724: completed 1st Sokoban level
 3475: completed 2nd Sokoban level
 3789: completed 3rd Sokoban level
 4457: completed 4th Sokoban level
 5119: reached Mine Town
 6805: attained the rank of Woman-at-arms (level 10)
 6825: killed by an owlbear

You didn't know any spells.

Skills:
 Fighting Skills
   bare handed combat [Unskilled]
   two weapon combat  [Unskilled]
   riding             [Unskilled]
 Weapon Skills
   dagger             [Basic]
   axe                [Unskilled]
   pick-axe           [Unskilled]
   short sword        [Unskilled]
   broadsword         [Unskilled]
   long sword         [Unskilled]
   two-handed sword   [Unskilled]
   saber              [Unskilled]
   hammer             [Unskilled]
   quarterstaff       [Unskilled]
   polearms           [Unskilled]
   spear              [Expert]
   trident            [Unskilled]
   lance              [Unskilled]
   sling              [Unskilled]
 Spellcasting Skills
   attack spells      [Unskilled]
   escape spells      [Unskilled]

Voluntary challenges:
 Character rerolling was not enabled.
 You never genocided any monsters.
 You never polymorphed an object.
 You never changed form.
 You used no wishes.
 You did not violate any of the special Sokoban rules.
Achievements:
 You entered a shop.
 You entered the Gnomish Mines.
 You attained the rank of Skirmisher.
 You entered Sokoban.
 You attained the rank of Fighter.
 You entered Minetown.
 You entered a temple.
 You attained the rank of Woman-at-arms.

 The Dungeons of Doom: levels 1 to 7
    Level 1:
       A grave.
    Level 2:
       A general store, a fountain.
    Level 3:
    Level 4:
       An armor shop.
       Stairs down to The Gnomish Mines.
    Level 5:
       Many fountains.
       Oracle of Delphi.
    Level 6:
       A ring shop, a grave.
       Stairs up to Sokoban, level 5.
    Level 7:
 The Gnomish Mines: levels 5 to 8
    Level 5: "Bones pile near up stair"
       A grave.
       Final resting place for
          IanCurtis-Wiz-Elf-Mal-Cha, killed by a gnome lord.
    Level 6:
    Level 7:
    Level 8:
       Many shops, a temple and an altar, many fountains.
 Sokoban: levels 5 up to 2
    Level 2: <- You were here.
       Solved.
       Final resting place for
          you, killed by an owlbear.
    Level 3:
       Solved.
    Level 4:
       Solved.
    Level 5:
       Solved.


Vanquished creatures:
  a ghost
  2 giant mimics
  6 small mimics
  a tengu
  a leather golem
  a Grey-elf
 an amorous demon
  a giant beetle
  a cockatrice
  a wolf
  a horse
 an ice vortex
  a gnome ruler
  a lizard
  2 chickatrices
  a dingo
  a jaguar
  a black unicorn
  a gnome mummy
  3 Woodland-elves
  a wood nymph
  a water nymph
  a mountain nymph
  3 Uruk-hai
  3 orc shamans
  2 ponies
  a fog cloud
  4 yellow lights
 10 gnome leaders
  3 gnomish wizards
  a guardian naga hatchling
 an elf zombie
  a paper golem
  7 giant ants
  a little dog
  a floating eye
  2 dwarves
  a homunculus
  a rothe
  a centipede
  2 giant bats
  2 monkeys
 an orc zombie
  2 dwarf zombies
  a wererat
  3 iguanas
  2 acid blobs
  3 gas spores
  2 manes
  3 hobgoblins
  7 giant rats
  3 cave spiders
  a red mold
 29 gnomes
  3 geckos
 10 jackals
  a fox
  3 kobolds
  2 goblins
  6 grid bugs
  a lichen
  2 kobold zombies
  3 newts
167 creatures vanquished.

No species were genocided or became extinct.

Game over:
                       ----------
                      /          \
                     /    REST    \
                    /      IN      \
                   /     PEACE      \
                  /                  \
                  |      Japes       |
                  |      542 Au      |
                  |   killed by an   |
                  |     owlbear      |
                  |                  |
                  |                  |
                  |       2026       |
                 *|     *  *  *      | *
        _________)/\\_//(\/(/\)/\//\/|_)_______

Farvel Japes the Valkyrie...

You died in Sokoban on dungeon level 2 with 11856 points,
and 542 pieces of gold, after 6825 moves.
You were level 10 with a maximum of 87 hit points when you died.

